 Dungeon Crawl Stone Soup version 0.29-a0-284-gf9362112df (webtiles) character file.

Game seed: 1107155436253355415

131 n8rtot the Digger (level 5, -5/32 HPs)
             Began as an Octopode Earth Elementalist on Mar 26, 2022.
             Slain by an orc
             ... wielding a +0 mace
              (6 damage)
             ... on level 4 of the Dungeon.
             The game lasted 00:32:31 (3950 turns).

n8rtot the Digger (Octopode Earth Elementalist)     Turns: 3950, Time: 00:32:32

Health: -5/32      AC:  2    Str:  7    XL:     5   Next: 14%
Magic:  8/8        EV: 13    Int: 26    God:
Gold:   195        SH:  0    Dex: 12    Spells: 8/9 levels left

rFire   . . .      SeeInvis +     - Unarmed
rCold   . . .      Faith    .   (no shield)
rNeg    . . .      Spirit   .   h - +1 hat
rPois   .          Reflect  .   (no amulet)
rElec   .          Harm     .   d - +6 ring of intelligence
rCorr   .          Rampage  .   r - ring of see invisible
Will    .....                   (no ring)
Stlth   +++.......              (no ring)
HPRegen 0.10/turn               (no ring)
MPRegen 0.11/turn               (no ring)
                                (no ring)
                                (no ring)

@: weak-willed
A: almost no armour, amphibious, 8 rings, camouflage 1, gelatinous body 1,
(nimble swimmer 1), tentacles
a: no special abilities


You were on level 4 of the Dungeon.
You visited 1 branch of the dungeon, and saw 4 of its levels.

You collected 195 gold pieces.

Inventory:

Missiles
 a - 90 stones
 l - 11 poisoned darts
Armour
 h - a +1 hat (worn)
Jewellery
 d - a +6 ring of intelligence (left tentacle)
 r - a ring of see invisible (right tentacle)
 w - an amulet of faith
 x - an amulet of the acrobat
Scrolls
 c - 7 scrolls of identify {unknown}
 f - a scroll of torment {unknown}
 g - 3 scrolls of immolation {unknown}
 j - a scroll of noise
 m - a scroll of blinking {unknown}
 n - a scroll of vulnerability
 p - a scroll of enchant weapon {unknown}
 s - 2 scrolls of amnesia {unknown}
 t - a scroll of teleportation {unknown}
 v - a scroll of fog {unknown}
Potions
 b - a potion of magic
 e - a potion of heal wounds {unknown}
 i - 2 potions of invisibility {unknown}
 k - a potion of might {unknown}
 o - a potion of attraction {unknown}
 q - a potion of ambrosia {unknown}
 u - a potion of curing {unknown}


   Skills:
 + Level 0.5 Fighting
 + Level 2.3 Dodging
 + Level 3.8 Stealth
 + Level 1.7 Unarmed Combat
 + Level 2.5 Spellcasting
 + Level 1.2 Transmutations
 + Level 4.1 Earth Magic


You had 8 spell levels left.
You knew the following spells:

 Your Spells              Type           Power      Damage    Failure   Level
a - Sandblast             Erth           48%        2d12      1%          1

Your spell library contained the following spells:

 Spells                   Type           Power      Damage    Failure   Level
 Passwall                 Tmut/Erth      14%        N/A       4%          2
 Animate Skeleton         Necr           6%         N/A       10%         1
 Apportation              Tloc           6%         N/A       10%         1
 Summon Small Mammal      Summ           12%        N/A       10%         1
 Stone Arrow              Conj/Erth      28%        3d8       13%         3
 Ozocubu's Armour         Ice            3%         N/A       30%         3
 Petrify                  Tmut/Erth      17%        N/A       32%         4
 Ozocubu's Refrigeration  Ice            1%         4d5       100%        7


Dungeon Overview and Level Annotations

Branches:
Dungeon (4/15)
 Temple: D:4-7

Altars:


Innate Abilities, Weirdness & Mutations

You cannot wear most types of armour.
You are amphibious.
You can wear up to eight rings at the same time.
Your skin changes colour to match your surroundings (Stealth+).
Your rubbery body absorbs attacks. (AC +1, EV +1)
((You are camouflaged when in or above water. (Stealth+)))
You have tentacles for arms and can constrict up to eight enemies at once.


Message History

The orc shouts!
An orc wizard comes into view. It is wielding a +0 dagger.
Casting: Sandblast (safe; 1% risk of failure)
Confirm with . or Enter, or press ? or * to list all spells.
Aiming: Sandblast (safe; 1% risk of failure)
Press: ? - help, Shift-Dir - straight line, f - orc
Aim: an orc, wielding a +0 whip and wearing a +0 leather armour (81% to hit)
The blast of sand hits the orc!
You kill the orc!
The orc wizard shouts!
An orc comes into view. It is wielding a +0 flail.
The orc wizard casts a spell at you. The magic dart hits you!
An orc comes into view. It is wielding a +0 hand axe.
An orc comes into view. It is wielding a +0 mace.
Casting: Sandblast (safe; 1% risk of failure)
Confirm with . or Enter, or press ? or * to list all spells.
You can't see any susceptible monsters within range! (Use Z to cast anyway.)
The orc shouts! x2
The orc wizard points at you and mumbles some strange words.
You are confused.
The orc attacks as you move away! The orc barely misses you.
The orc wizard attacks as you move away!
The orc wizard hits you but does no damage.
The orc attacks as you move away! The orc hits you with a +0 hand axe.
You feel less confused.
As you read the scroll labelled WEKHLUH TAOLU, it crumbles to dust.
You hear a loud clanging noise!
It was a scroll of noise.
The orc closely misses you. The orc hits you with a +0 flail.
* * * LOW HITPOINT WARNING * * *
The orc wizard hits you with a +0 dagger.
* * * LOW HITPOINT WARNING * * *
A scorpion comes into view.
As you read the scroll labelled DISEUJ SEOHAK, it crumbles to dust.
Magic quickly surges around you.
It was a scroll of vulnerability.
The orc hits you with a +0 hand axe.
* * * LOW HITPOINT WARNING * * *
The orc closely misses you. The orc hits you with a +0 mace.
You die...

#.....# ### #.s...# ###...
#.....# #..... #
###.....###.#.###
#...............
#..$.)........# # ####
#.............###.# ....
#..ooo.......#....# ....#
#...@o.........###### ....#
#...............#.... ....#
#............#....... ....#
#............##†..... ....#
#########............ ....#
###################..#.
....#
#####...#......†...........
.#+#
#..)#.#.#.##########...####
...# ##.#.#.).......#
#.......


You could see a scorpion (weak-willed), an orc wizard (weak-willed) and 3 orcs.

Vanquished Creatures
  A hound (D:4)
  2 adders
  An ufetubus (D:4)
  A worm (D:2)
  A dart slug (D:4)
  An orc (D:4)
  3 bats
  5 endoplasms
  A giant cockroach (D:4)
  6 goblins
  9 hobgoblins
  10 jackals
  10 kobolds
  3 quokkas
  8 ball pythons
  A frilled lizard (D:3)
  2 rats
65 creatures vanquished.

Vanquished Creatures (others)
  2 demonic plants (D:1)
  A fungus (D:1)
  2 plants (D:1)
5 creatures vanquished.

Grand Total: 70 creatures vanquished

Notes
Turn   | Place    | Note
-------+----------+-------------------------------------------
     0 | D:1      | n8rtot the Octopode Earth Elementalist began the quest for
                  | the Orb.
     0 | D:1      | Reached XP level 1. HP: 11/11 MP: 3/3
    32 | D:1      | Reached XP level 2. HP: 15/17 MP: 1/5
   429 | D:1      | Found a faded altar of an unknown god.
   936 | D:1      | Reached XP level 3. HP: 6/21 MP: 4/6
  2136 | D:2      | Reached skill level 1 in Unarmed Combat
  2950 | D:3      | Reached XP level 4. HP: 23/27 MP: 7/7
  3692 | D:4      | Reached skill level 4 in Earth Magic
  3693 | D:4      | Reached XP level 5. HP: 29/32 MP: 5/8
  3950 | D:4      | HP: 1/32 [orc/+0 hand axe (5)]
  3950 | D:4      | Slain by an orc

Illustrated notes

Levels and vault maps discovered:
D:1:      saegor_arrival_simple_d, layout_basic, shapermc_ecumenical_altar_gd
D:2:      layout_loops_cross, roderic_serpentine_path
D:3:      layout_basic
D:4:      layout_basic

Skill      XL: |  1  2  3  4 |
---------------+-------------+-----
Stealth        | 3 |  3.8
Unarmed Combat | 1 |  1.7
Earth Magic    | 4 |  4.1
Fighting       | |  0.5
Dodging        | |  2.3
Spellcasting   | |  2.5
Transmutations | |  1.2

Action                   |  1- 3 |  4- 6 || total
-------------------------+-------+-------++-------
Melee: Unarmed           |   117 |    34 ||   151
       Constrict         |    30 |     6 ||    36
       Tentacles         |    32 |     9 ||    41
 Cast: Sandblast         |     8 |    20 ||    28
  Use: Scroll            |       |     2 ||     2
 Stab: Sleeping          |     6 |       ||     6
Armor: Skin              |    16 |     6 ||    22
Dodge: Dodged            |    73 |    30 ||   103

Table legend: (Time is in decaauts)
 A = Elapsed time spent in this place.
 B = Non-inter-level travel time spent in this place.
 C = Inter-level travel time spent in this place.
 D = Time resting spent in this place.
 E = Time spent auto-exploring this place.
 F = Levels seen in this place.
 G = Mean time per level.
                   A        B        C        D        E       F      G
               +--------+--------+--------+--------+--------+-----+--------+
         Total |   3946 |   3946 |      0 |   1250 |   1611 |   4 |  986.5 |
       Dungeon |   3946 |   3946 |      0 |   1250 |   1611 |   4 |  986.5 |
               +--------+--------+--------+--------+--------+-----+--------+

Top non-repeatable levels by time:
     D:1: 1579 daAuts
     D:2: 1352 daAuts
     D:3: 680 daAuts
     D:4: 334 daAuts
